 Dungeon Crawl Stone Soup version 0.16.2-3-ga078185 (webtiles) character file.

181 gorblad the Ruffian (level 5, -5/45 HPs)
             Began as a Ghoul Gladiator on Sept 6, 2015.
             Was an Initiate of Cheibriados.
             Killed from afar by an orc wizard (9 damage)
             ... with a puff of flame
             ... on level 3 of the Dungeon.
             The game lasted 00:09:08 (1622 turns).

gorblad the Ruffian (Ghoul Gladiator)               Turns: 1622, Time: 00:09:10

Health: -5/45      AC:  6    Str: 20    XL:     5   Next: 61%
Magic:  4/4        EV: 12    Int:  4    God:    Cheibriados [......]
Gold:   116        SH:  0    Dex: 11    Spells: 0 memorised, 4 levels left

rFire  . . .     SeeInvis .       - Unarmed
rCold  + . .     Clarity  .     m - +0 ring mail
rNeg   + + +     SustAb   .     (no shield)
rPois  ∞         Gourm    .     c - +0 helmet
rElec  .         Spirit   .     (no cloak)
rCorr  .         Warding  .     (no gloves)
rMut   .         Stasis   .     (no boots)
MR     .....                    (no amulet)
Stlth  ++........               (no ring)
                                k - ring of stealth

@: rotting, very slow, not resistant to hostile enchantments, unstealthy
A: rotting body, claws 1, carnivore 3, cold resistance 1, negative energy
resistance 3, poison resistance, slow healing 1, torment resistance, unbreathing
a: Bend Time, Renounce Religion


You were on level 3 of the Dungeon.
You worshipped Cheibriados.
Cheibriados was noncommittal.
You were not hungry.

You visited 1 branch of the dungeon, and saw 3 of its levels.

You collected 116 gold pieces.

Inventory:

Missiles
 d - 3 throwing nets (quivered)
Armour
 b - a +0 leather armour
 c - a +0 helmet (worn)
 m - a +0 ring mail (worn)
Jewellery
 k - a ring of stealth (left claw)
Scrolls
 a - 2 scrolls of identify {unknown}
 f - 2 scrolls of teleportation {unknown}
 g - 2 scrolls of remove curse {unknown}
 i - 2 scrolls of enchant weapon {unknown}
Potions
 e - a potion of magic {unknown}
 j - a potion of curing {unknown}
Comestibles
 h - 2 meat rations
 l - 9 chunks of flesh


   Skills:
 + Level 3.1 Fighting
 + Level 2.0 Throwing
 + Level 1.9 Armour
 + Level 3.7 Dodging
 + Level 0.8 Stealth
 + Level 4.3 Unarmed Combat


You had 4 spell levels left.
You didn't know any spells.

Dungeon Overview and Level Annotations

Branches:
Dungeon (3/15)

Altars:
Cheibriados


Innate Abilities, Weirdness & Mutations

Your body is rotting away.
You thrive on raw meat.
You have sharp fingernails.
You are carnivorous and can eat meat at any time.
Your flesh is cold resistant.
You are immune to negative energy.
Your system is resistant to poisons.
You heal slowly when monsters are visible.
You are immune to unholy pain and torment.
You can survive without breathing.


Message History

The orc hits you with a flail.
* * * LOW HITPOINT WARNING * * *
The orc hits you.
* * * LOW HITPOINT WARNING * * *
Something hits you.
* * * LOW HITPOINT WARNING * * *
Unknown command.
Eat one of 10 chunks of flesh? (ye/n/q/i?) This raw flesh tastes great!
The orc hits you with a flail.
* * * LOW HITPOINT WARNING * * *
The orc closely misses you.
You hear some strange, mumbled words.
A puff of flame appears from out of thin air!
The puff of flame hits you!
* * * LOW HITPOINT WARNING * * *
You continue eating.
You hear some strange, mumbled words.
A puff of flame appears from out of thin air!
The puff of flame hits you!
You die...

#.# .# #.# ...# #.#
..(######.#
.........#.#########
o.......%..........###
.o.#o###.#.#.##.....)(
##.##o#..........##..)#
#....{@†........#####.#
#.#...o..........# #.#
#..............# #.#
#.....>$.......# ...
#......(..$....# .#.
#..............# . .
.........?.....# ## #
.####.........# #####


You could see an orc priest and 2 orcs.

Vanquished Creatures
  A scorpion (D:3)
  8 adders
  2 worms (D:2)
  A giant gecko (D:2)
  An orc (D:3)
  2 giant cockroaches
  8 goblins
  7 hobgoblins
  5 jackals
  6 kobolds
  5 bats
  3 giant newts
  2 rats (D:1)
51 creatures vanquished.

Notes
Turn   | Place    | Note
--------------------------------------------------------------
     0 | D:1      | gorblad, the Ghoul Gladiator, began the quest for the Orb.
     0 | D:1      | Reached XP level 1. HP: 17/17 MP: 1/1
   341 | D:1      | Reached XP level 2. HP: 22/24 MP: 2/2
   646 | D:2      | Reached XP level 3. HP: 7/30 MP: 3/3
   947 | D:2      | Reached skill level 4 in Unarmed Combat
  1013 | D:2      | Reached XP level 4. HP: 37/37 MP: 3/3
  1148 | D:2      | Reached skill level 1 in Armour
  1487 | D:3      | Reached XP level 5. HP: 42/42 MP: 4/4
  1517 | D:3      | Found a snail-covered altar of Cheibriados.
  1526 | D:3      | Became a worshipper of Cheibriados the Contemplative
  1622 | D:3      | Killed from afar by an orc wizard

Action                   |  1- 3 |  4- 6 || total
-------------------------+-------+-------++-------
Melee: Unarmed           |    67 |   111 ||   178
  Eat: Chunk             |     9 |     5 ||    14
       Beef jerky        |     1 |       ||     1
